 Dungeon Crawl Stone Soup version 0.22-b1-26-g9dbaab1112 (webtiles) character file.

723 Kirk the Magician (level 7, 46/46 HPs)
             Began as a Demonspawn Wizard on Aug 9, 2018.
             Was an Initiate of Vehumet.
             Quit the game on level 6 of the Dungeon.
             The game lasted 00:10:54 (4117 turns).

Kirk the Magician (Demonspawn Wizard)               Turns: 4117, Time: 00:10:55

Health: 46/46      AC:  8    Str:  7    XL:     7   Next: 43%
Magic:  24/24      EV: 12    Int: 22    God:    Vehumet [......]
Gold:   248        SH:  0    Dex: 11    Spells: 6/17 levels left

rFire    + . .     SeeInvis .   g - +2 whip (venom)
rCold    . . .     Gourm    .   (no shield)
rNeg     . . .     Faith    .   a - +0 robe
rPois    +         Spirit   +   b - +0 hat
rElec    .         Reflect  .   (no cloak)
rCorr    .         Harm     .   (no gloves)
MR       .....     Rnd*Rage +   w - +2 pair of boots
Stlth    ++........             j - amulet of rage
HPRegen  0.15/turn              e - +2 ring of intelligence
MPRegen  0.19/turn              m - ring of magical power

@: no status effects
A: hooves 1, icy blue scales 2, berserk 1, dopey 1, fire resistance 1, poison
resistance, magic shield
a: Renounce Religion, Evoke Berserk Rage


You were on level 6 of the Dungeon.
You worshipped Vehumet.
Vehumet was noncommittal.
You were not hungry.

You visited 2 branches of the dungeon, and saw 7 of its levels.

You collected 248 gold pieces.

Inventory:

Hand Weapons
 g - a +2 whip of venom (weapon)
Armour
 a - a +0 robe (worn)
 b - a +0 hat (worn)
 l - a +0 buckler
 w - a +2 pair of boots (worn)
 A - the +1 leather armour "Orediwig" {Str+6}
   (You found it on level 5 of the Dungeon)

   It affects your strength (+6).
Jewellery
 e - a +2 ring of intelligence (left hand)
 j - an amulet of rage (around neck)
 m - a ring of magical power (right hand)
 o - an uncursed ring of poison resistance
 q - an uncursed ring of stealth
Wands
 i - a wand of clouds (5)
 u - a wand of random effects (30)
 y - a wand of acid (4)
Scrolls
 h - a scroll of amnesia
 s - a scroll of blinking
 v - a scroll of identify
 x - a scroll of remove curse
 B - a scroll of magic mapping
Potions
 c - a potion of resistance
 f - a potion of might
 k - a potion of brilliance
 n - a potion of berserk rage {unknown}
 p - a potion of heal wounds
 r - 2 potions of flight {unknown}
 t - a potion of agility {unknown}
 z - a potion of ambrosia {unknown}
Comestibles
 d - 9 rations
 C - 2 chunks of flesh


   Skills:
 + Level 2.0 Maces & Flails
 - Level 1.7 Dodging
 - Level 1.7 Stealth
 + Level 5.9 Spellcasting
 * Level 5.4 Conjurations
   Level 1.0 Summonings
 + Level 0.8 Translocations
 - Level 0.5 Fire Magic


You had 6 spell levels left.
You knew the following spells:

 Your Spells              Type           Power        Failure   Level  Hunger
a - Magic Dart            Conj           ####         1%          1    None
b - Blink                 Tloc           N/A          10%         2    None
c - Conjure Flame         Conj/Fire      ###.....     9%          3    #......
d - Mephitic Cloud        Conj/Pois/Air  ##......     13%         3    #......
e - Slow                  Hex            #.......     14%         2    None

Your spell library contained the following spells:

 Spells                   Type           Power        Failure   Level  Hunger
 Call Imp                 Summ           ##......     10%         2    None


Dungeon Overview and Level Annotations

Branches:
Dungeon (6/15)             Temple (1/1) D:4

Altars:
Dithmenos
Hepliaklqana
Kikubaaqudgha
Makhleb
Nemelex Xobeh
Qazlal
Sif Muna
Vehumet
Wu Jian
Yredelemnul
Zin

Annotations:
D:3 1 runed door, tape's ghost, amateur TeAE


Innate Abilities, Weirdness & Mutations

You have large cloven feet.
You are mostly covered in icy blue scales. (AC +3)
Your flesh is heat resistant. (rF+)
When hurt, damage is shared between your health and your magic reserves.
You tend to lose your temper in combat.
You are dopey. (Int -2)
Your system is resistant to poisons. (rPois)


Message History

Confirm with . or Enter, or press ? or * to list all spells.
Okay, then.
As you read the scroll of remove curse, it crumbles to dust.
You feel as if something is helping you.
Wear which item? (? for menu, Esc to quit)
You start removing your armour.
You continue taking off the +1 leather armour "Orediwig" {Str+6}. x4
You finish taking off the +1 leather armour "Orediwig" {Str+6}.
You start putting on your armour.
You continue putting on your +0 robe. x5
You finish putting on your +0 robe.
Found 25 arrows.
Found a stone staircase leading up.
Found a stone staircase leading down.
An ice beast comes into view.
There is a stone staircase leading down here.
You climb downwards.
You hear the hiss of flowing sand.
There is an entrance to an ossuary on this level.
Hurry and find it before the portal is buried!
There is a stone staircase leading up here.
Are you sure you want to abandon this character and quit the game? (Confirm with "yes".)

........
#.......
#.#....#
......+
#....#
#....+
#....#
#...@#
##.#.# ..
... ..#
..... ##
#.....#
#......
........
#.......P≈


There were no monsters in sight!

Vanquished Creatures
  Sigmund (D:4)
  An ice beast (D:3)
  A centaur (D:2)
  A crimson imp (D:3)
  A hound (D:4)
  An orc wizard (D:4)
  An orc priest (D:3)
  A bullfrog skeleton (D:4)
  8 gnolls
  6 adders
  3 oozes
  2 worms (D:2)
  A dart slug (D:3)
  2 leopard geckos
  10 orcs
  5 giant cockroaches
  6 goblins
  3 hobgoblins
  10 jackals
  4 quokkas
  A ball python (D:2)
  10 bats
  6 frilled lizards
  8 kobolds
  A quokka skeleton (D:4)
  8 rats
102 creatures vanquished.

Notes
Turn   | Place    | Note
-------+----------+-------------------------------------------
     0 | D:1      | Kirk the Demonspawn Wizard began the quest for the Orb.
     0 | D:1      | Reached XP level 1. HP: 13/13 MP: 4/4
   368 | D:1      | Gained mutation: You are partially covered in icy blue scales. (AC +2) [demonic ancestry]
   368 | D:1      | Reached XP level 2. HP: 8/19 MP: 0/6
  1376 | D:2      | Gained mutation: You are mostly covered in icy blue scales. (AC +3) [demonic ancestry]
  1376 | D:2      | Reached XP level 3. HP: 24/24 MP: 0/8
  1448 | D:2      | Learned a level 2 spell: Blink
  1452 | D:2      | Learned a level 3 spell: Conjure Flame
  1456 | D:2      | Learned a level 3 spell: Mephitic Cloud
  1499 | D:2      | Noticed a centaur
  1504 | D:2      | Killed a centaur
  1504 | D:2      | Reached skill level 1 in Maces & Flails
  1504 | D:2      | Reached XP level 4. HP: 20/30 MP: 2/10
  1733 | D:2      | Gained mutation: You have large cloven feet. [demonic ancestry]
  1733 | D:2      | Reached XP level 5. HP: 29/35 MP: 4/11
  1845 | D:2      | Found a sparkling altar of Nemelex Xobeh.
  2084 | D:3      | Found a runed door.
  2084 | D:3      | Noticed tape's ghost (amateur TeAE)
  2376 | D:3      | Reached skill level 5 in Spellcasting
  2520 | D:3      | Gained mutation: When hurt, damage is shared between your health and your magic reserves. [demonic ancestry]
  2520 | D:3      | Reached XP level 6. HP: 41/41 MP: 13/13
  2550 | D:3      | Found a deep blue altar of Sif Muna.
  2639 | D:3      | Found a stormy altar of Qazlal.
  2711 | D:3      | Found a burning altar of Makhleb.
  2774 | D:3      | Learned a level 2 spell: Slow
  2775 | D:3      | Gained mutation: You are dopey. (Int -2) [potion of mutation]
  2775 | D:3      | Gained mutation: You tend to lose your temper in combat. [potion of mutation]
  2775 | D:3      | Gained mutation: Your system is resistant to poisons. (rPois) [potion of mutation]
  2788 | D:3      | Noticed an ice beast
  2812 | D:3      | Killed an ice beast
  3193 | D:4      | Noticed Sigmund
  3205 | D:4      | Killed Sigmund
  3205 | D:4      | Gained mutation: Your flesh is heat resistant. (rF+) [demonic ancestry]
  3205 | D:4      | Reached XP level 7. HP: 46/46 MP: 15/15
  3525 | D:4      | Reached skill level 5 in Conjurations
  3584 | D:4      | Found a staircase to the Ecumenical Temple.
  3605 | Temple   | Entered the Ecumenical Temple
  3630 | Temple   | Became a worshipper of Vehumet
  3977 | D:5      | Entered Level 5 of the Dungeon
  4051 | D:5      | Got a spiked leather armour
  4079 | D:5      | Identified the cursed +1 leather armour "Orediwig" {Str+6} (You found it on level 5 of the Dungeon)
  4117 | D:6      | Quit the game

Skill      XL: |  1  2  3  4  5  6  7 |
---------------+----------------------+-----
Maces & Flails | 1 2 |  2.0
Spellcasting   | 4 5 |  5.9
Conjurations   | 2 3 4 5 |  5.4
Dodging        | |  1.7
Stealth        | |  1.7
Summonings     | |  1.0
Translocations | |  0.8
Fire Magic     | |  0.5

Action                   |  1- 3 |  4- 6 |  7- 9 || total
-------------------------+-------+-------+-------++-------
Melee: Whip              |    23 |    61 |    26 ||   110
       Unarmed           |     5 |       |       ||     5
       Kick              |       |     6 |       ||     6
 Cast: Magic Dart        |    53 |   139 |    31 ||   223
       Mephitic Cloud    |       |     3 |       ||     3
       Conjure Flame     |       |     3 |       ||     3
  Use: Potion            |     2 |     1 |       ||     3
       Scroll            |     3 |     5 |     4 ||    12
 Stab: Confused          |       |     1 |       ||     1
  Eat: Chunk             |     2 |     5 |     3 ||    10
Armor: Robe              |     9 |    32 |    13 ||    54
Dodge: Dodged            |    29 |    81 |    17 ||   127
